SKY
SEATTLE MARINERS @ SAN DIEGO PADRES
03/24/2052
 
TOP OF THE 1ST
Seattle Mariners batting - Pitching for San Diego Padres : RHP Broadway Ward
Pitching: RHP Broadway Ward
Batting: LHB Charles Beck 0-0: Ball
1-0: Foul Ball, location: 5SF
1-1: Ball
2-1: Ground out 3-1 (Groundball, 34S, EV 78.8 MPH)
Batting: RHB Wally Neff 0-0: Swinging Strike
0-1: Fly out, F9 (Flyball, 89M, EV 94.4 MPH)
Batting: RHB Jacob Cole 0-0: Swinging Strike
0-1: Fly out, F4 (Popup, 3S, EV 83.8 MPH)
Top of the 1st over - 0 runs, 0 hits, 0 errors, 0 left on base; Seattle 0 - San Diego 0
BOTTOM OF THE 1ST
San Diego Padres batting - Pitching for Seattle Mariners : RHP Carson Loveday
Pitching: RHP Carson Loveday
Batting: RHB Ron Nester 0-0: Ball
1-0: Called Strike
1-1: Ball
2-1: Ball
3-1: Ground out 5-3 (Groundball, 5S, EV 83.8 MPH)
Batting: LHB Neil Smyth 0-0: Fly out, F7 (Line Drive, 78M, EV 105.6 MPH)
Batting: LHB Lester Flores 0-0: Ball
1-0: Foul Ball, location: 2F
1-1: Ground out U3 (Groundball, 3L, EV 96.9 MPH)
Bottom of the 1st over - 0 runs, 0 hits, 0 errors, 0 left on base; Seattle 0 - San Diego 0
TOP OF THE 2ND
Seattle Mariners batting - Pitching for San Diego Padres : RHP Broadway Ward
Batting: LHB Norman Visser 0-0: Foul Ball, location: 2F
0-1: Foul Ball, location: 5SF
0-2: Strikes out swinging
Batting: LHB Dickie Pierce 0-0: Foul Ball, location: 2F
0-1: Ball
1-1: Foul Ball, location: 7LSF
1-2: Ball
2-2: Ground out U3 (Groundball, 34S, EV 80.0 MPH)
Batting: RHB Norm Walker 0-0: Called Strike
0-1: Foul Ball, location: 5F
0-2: Strikes out swinging
Top of the 2nd over - 0 runs, 0 hits, 0 errors, 0 left on base; Seattle 0 - San Diego 0
BOTTOM OF THE 2ND
San Diego Padres batting - Pitching for Seattle Mariners : RHP Carson Loveday
Batting: SHB Dexter Greer 0-0: Foul Ball, location: 5FF
0-1: Swinging Strike
0-2: Fly out, F8 (Flyball, 8RD, EV 86.3 MPH)
Batting: RHB Trinidad Apodaca 0-0: Ball
1-0: Called Strike
1-1: Foul Ball, location: 2F
1-2: Ball
2-2: Fly out, F3 (Popup, 23F, EV 94.4 MPH)
Batting: RHB Ryker Eudy 0-0: Swinging Strike
0-1: Swinging Strike
0-2: Strikes out swinging
Bottom of the 2nd over - 0 runs, 0 hits, 0 errors, 0 left on base; Seattle 0 - San Diego 0
TOP OF THE 3RD
Seattle Mariners batting - Pitching for San Diego Padres : RHP Broadway Ward
Batting: SHB Hugo Castillo 0-0: Ball
1-0: Ball
2-0: Foul Ball, location: 2F
2-1: Ball
3-1: Foul Ball, location: 7LDF
3-2: Ground out 4-3 (Groundball, 4, EV 88.8 MPH)
Batting: RHB Chase Tuschhoff 0-0: Ball
1-0: Ball
2-0: Foul Ball, location: 23FF
2-1: Ground out 5-3 (Groundball, 5, EV 91.3 MPH)
Batting: RHB Ty Moss 0-0: Called Strike
0-1: Called Strike
0-2: Ground out 6-3 (Groundball, 6, EV 90.0 MPH)
Top of the 3rd over - 0 runs, 0 hits, 0 errors, 0 left on base; Seattle 0 - San Diego 0
BOTTOM OF THE 3RD
San Diego Padres batting - Pitching for Seattle Mariners : RHP Carson Loveday
Batting: RHB Jaden Bouchard 0-0: Called Strike
0-1: Ball
1-1: Ground out 5-3 (Groundball, 56S, EV 83.1 MPH)
Batting: LHB Flávio Chacon 0-0: Called Strike
0-1: Ball
1-1: Ball
2-1: Foul Ball, location: 2F
2-2: Ball
3-2: Foul Ball, location: 23FF
3-2: Fly out, F7 (Flyball, 7LD, EV 86.3 MPH)
Pinch Hitting: LHB Owen Chandler 0-0: Ball
1-0: Ball
2-0: Ball
3-0: Foul Ball, location: 2F
3-1: Called Strike
3-2: Strikes out looking
Bottom of the 3rd over - 0 runs, 0 hits, 0 errors, 0 left on base; Seattle 0 - San Diego 0
TOP OF THE 4TH
Seattle Mariners batting - Pitching for San Diego Padres : RHP Broadway Ward
Now at SS: Carter Harding
Batting: LHB Charles Beck 0-0: Ball
1-0: SINGLE (Groundball, 34D, EV 102.5 MPH)
Batting: RHB Wally Neff 0-0: Ball
1-0: Ball
2-0: Ball
3-0: Called Strike
3-1: Ball
Charles Beck to second
Batting: RHB Jacob Cole 0-0: Ball
1-0: Called Strike
1-1: Grounds into double play, 5-4-3 (Groundball, 56S, EV 87.5 MPH)
Charles Beck to third
Batting: LHB Norman Visser 0-0: Ball
1-0: TRIPLE (Flyball, 78XD, EV 111.9 MPH)
Charles Beck scores
Batting: LHB Dickie Pierce 0-0: Ball
1-0: Called Strike
1-1: Called Strike
1-2: Foul Ball, location: 3FF
1-2: Strikes out looking
Top of the 4th over - 1 run, 2 hits, 0 errors, 1 left on base; Seattle 1 - San Diego 0
BOTTOM OF THE 4TH
San Diego Padres batting - Pitching for Seattle Mariners : RHP Carson Loveday
Batting: RHB Ron Nester 0-0: Called Strike
0-1: Ball
1-1: Ground out 4-3 (Groundball, 4D, EV 105.6 MPH)
Batting: LHB Neil Smyth 0-0: Foul Ball, location: 3FF
0-1: SINGLE (Groundball, 6MS, EV 65.0 MPH) (infield hit)
Batting: LHB Lester Flores 0-0: Called Strike
0-1: SINGLE (Groundball, 6S, EV 69.4 MPH) (infield hit)
Neil Smyth to second
Batting: SHB Dexter Greer 0-0: Ball
1-0: Called Strike
1-1: Foul Ball, location: 3F
1-2: Ball
2-2: Foul Ball, location: 7LSFF
2-2: Strikes out swinging
Pitching: RHP Elijah Siddall
Batting: RHB Trinidad Apodaca 0-0: Foul Ball, location: 9LSF
0-1: Swinging Strike
0-2: Ball
1-2: Ball
2-2: Foul Ball, location: 2F
2-2: Fly out, F8 (Flyball, 8LXD, EV 96.3 MPH)
Bottom of the 4th over - 0 runs, 2 hits, 0 errors, 2 left on base; Seattle 1 - San Diego 0
TOP OF THE 5TH
Seattle Mariners batting - Pitching for San Diego Padres : RHP Broadway Ward
Batting: RHB Norm Walker 0-0: Ball
1-0: Fly out, F7 (Flyball, 7LD, EV 110.6 MPH)
Batting: SHB Hugo Castillo 0-0: Foul Ball, location: 2F
0-1: Ball
1-1: Ball
2-1: Ground out U3 (Groundball, 3L, EV 105.0 MPH)
Batting: RHB Chase Tuschhoff 0-0: Called Strike
0-1: Foul Ball, location: 25F
0-2: Ball
1-2: Strikes out swinging, 2-3 out at first.
Top of the 5th over - 0 runs, 0 hits, 0 errors, 0 left on base; Seattle 1 - San Diego 0
BOTTOM OF THE 5TH
San Diego Padres batting - Pitching for Seattle Mariners : RHP Elijah Siddall
Now at 1B: Orion Van Court
Now at 2B: James Victor
Batting: RHB Ryker Eudy 0-0: Ball
1-0: Ball
2-0: Fly out, F7 (Flyball, 7LS, EV 88.8 MPH)
Batting: RHB Jaden Bouchard 0-0: SINGLE (Groundball, 34D, EV 106.9 MPH)
Batting: LHB Flávio Chacon 0-0: Fly out, F8 (Line Drive, 8LM, EV 89.4 MPH)
Batting: RHB Carter Harding 0-0: Called Strike
0-1: Ball
1-1: Called Strike
1-2: Ball
2-2: Strikes out looking
Bottom of the 5th over - 0 runs, 1 hit, 0 errors, 1 left on base; Seattle 1 - San Diego 0
TOP OF THE 6TH
Seattle Mariners batting - Pitching for San Diego Padres : RHP Broadway Ward
Batting: RHB Ty Moss 0-0: Foul Ball, location: 2F
0-1: Fly out, F9 (Flyball, 89M, EV 83.8 MPH)
Pinch Hitting: RHB Anthony Gelin 0-0: Ball
1-0: Foul Ball, location: 5F
1-1: Ground out 2-3 (Groundball, 15S, EV 68.1 MPH)
Pinch Hitting: RHB Marcos Hampton 0-0: Ground out 3-1 (Groundball, 34, EV 106.9 MPH)
Top of the 6th over - 0 runs, 0 hits, 0 errors, 0 left on base; Seattle 1 - San Diego 0
BOTTOM OF THE 6TH
San Diego Padres batting - Pitching for Seattle Mariners : RHP Elijah Siddall
Now in LF: Marcos Hampton
Now in CF: Milton Shadle
Now in RF: Anthony Gelin
Pinch Hitting: RHB Des Galindo 0-0: Called Strike
0-1: Ball
1-1: Fly out, F7 (Flyball, 7, EV 91.9 MPH)
Pitching: LHP Adam Keef
Batting: LHB Eric Ho 0-0: Foul Ball, location: 9LSF
0-1: Ground out 4-3 (Groundball, 4, EV 108.1 MPH)
Pinch Hitting: LHB Colby Ray 0-0: Ball
1-0: Called Strike
1-1: Swinging Strike
1-2: Ball
2-2: Foul Ball, location: 5F
2-2: Foul Ball, location: 9LDF
2-2: Ball
3-2: Strikes out swinging
Bottom of the 6th over - 0 runs, 0 hits, 0 errors, 0 left on base; Seattle 1 - San Diego 0
TOP OF THE 7TH
Seattle Mariners batting - Pitching for San Diego Padres : RHP Broadway Ward
Now at 1B: Tre Murry
Now in CF: Des Galindo
Now in RF: Colby Ray
Batting: LHB Milton Shadle 0-0: Ball
1-0: Called Strike
1-1: Fly out, F6 (Line Drive, 6, EV 66.3 MPH)
Batting: SHB Orion Van Court 0-0: Called Strike
0-1: Ball
1-1: Ball
2-1: DOUBLE (Flyball, 8LXD, EV 111.9 MPH)
Batting: LHB Kent Niemann 0-0: Swinging Strike
0-1: Called Strike
0-2: Fly out, F8 (Flyball, 8RXD, EV 82.5 MPH)
Runner from 2nd tags up, SAFE at 3rd, no throw by CF
Batting: RHB Norm Walker 0-0: Ball
1-0: Foul Ball, location: 2F
1-1: Foul Ball, location: 2F
1-2: Foul Ball, location: 2F
1-2: Ball
2-2: Fly out, F8 (Flyball, 8LD, EV 98.8 MPH)
Top of the 7th over - 0 runs, 1 hit, 0 errors, 1 left on base; Seattle 1 - San Diego 0
BOTTOM OF THE 7TH
San Diego Padres batting - Pitching for Seattle Mariners : LHP Adam Keef
Pitching: RHP Mark Moyer
Batting: SHB Dexter Greer 0-0: Ball
1-0: Swinging Strike
1-1: Swinging Strike
1-2: Strikes out looking
Pinch Hitting: SHB Dan Aronson 0-0: Ball
1-0: DOUBLE (Line Drive, 7LD, EV 105.0 MPH)
Batting: RHB Tre Murry 0-0: Ball
1-0: Ball
2-0: Ground out 3-1 (Groundball, 34S, EV 87.5 MPH)
Dan Aronson to third
Pitching: RHP Kelly Estrada
Pinch Hitting: RHB Silvio Sevilla 0-0: Called Strike
0-1: Called Strike
0-2: SINGLE (Flyball, 56D, EV 96.3 MPH)
Dan Aronson scores
Batting: LHB Flávio Chacon 0-0: Ball
Silvio Sevilla steals 2nd base
1-0: Swinging Strike
1-1: Called Strike
1-2: Ball
2-2: Foul Ball, location: 2F
2-2: Foul Ball, location: 7LMF
2-2: Ball
3-2: Foul Ball, location: 23F
3-2: Fly out, F8 (Flyball, 8LXD, EV 93.1 MPH)
Bottom of the 7th over - 1 run, 2 hits, 0 errors, 1 left on base; Seattle 1 - San Diego 1
TOP OF THE 8TH
Seattle Mariners batting - Pitching for San Diego Padres : RHP Broadway Ward
Pitching: RHP Luka Freedom
Now at 2B: Donny Nuvolari
Now at 3B: Dan Aronson
Batting: RHB James Victor 0-0: Foul Ball, location: 9LSF
0-1: Ground out 6-3 (Groundball, 6, EV 101.9 MPH)
Pinch Hitting: RHB Bobby Brundage 0-0: SINGLE (Groundball, 56D, EV 103.8 MPH)
Pinch Hitting: RHB Jeremy Mehrtens 0-0: SINGLE (Groundball, 6MD, EV 105.0 MPH)
Bobby Brundage to second
Batting: RHB Anthony Gelin 0-0: Ball
1-0: Ball
2-0: Ball
3-0: Called Strike
3-1: Fly out, F7 (Line Drive, 78S, EV 95.6 MPH)
Batting: RHB Marcos Hampton 0-0: Ball
1-0: Ball
2-0: SINGLE (Groundball, 6MD, EV 98.1 MPH)
Bobby Brundage to third
Jeremy Mehrtens to second
Runner from 3rd tries for Home, SAFE, throw by CF to home
Batting: LHB Milton Shadle 0-0: Called Strike
0-1: Ball
1-1: SINGLE (Groundball, 4MD, EV 94.4 MPH)
Jeremy Mehrtens to third
Marcos Hampton to second
Runner from 3rd tries for Home, SAFE, throw by CF to home
Batting: SHB Orion Van Court 0-0: Ball
1-0: Swinging Strike
1-1: Ball
2-1: Swinging Strike
2-2: Foul Ball, location: 2F
2-2: Ground out U3 (Groundball, 34, EV 95.6 MPH)
Top of the 8th over - 2 runs, 4 hits, 0 errors, 2 left on base; Seattle 3 - San Diego 1
BOTTOM OF THE 8TH
San Diego Padres batting - Pitching for Seattle Mariners : RHP Kelly Estrada
Pitching: RHP Joshua Natvig
Now at 3B: Bobby Brundage
Now at SS: Devondre Gandara
Batting: RHB Carter Harding 0-0: Ball
1-0: Foul Ball, location: 9LMF
1-1: Ball
2-1: Ball
3-1: Fly out, F3 (Popup, 3L, EV 69.4 MPH)
Batting: RHB Des Galindo 0-0: Ground out 6-3 (Groundball, 6, EV 65.6 MPH)
Batting: LHB Eric Ho 0-0: Ball
1-0: Ball
2-0: SINGLE (Line Drive, 9LS, EV 88.8 MPH)
Batting: LHB Colby Ray 0-0: Ball
1-0: Called Strike
1-1: Ball
2-1: Foul Ball, location: 7LDF
2-2: Foul Ball, location: 7LDF
2-2: Strikes out swinging
Bottom of the 8th over - 0 runs, 1 hit, 0 errors, 1 left on base; Seattle 3 - San Diego 1
TOP OF THE 9TH
Seattle Mariners batting - Pitching for San Diego Padres : RHP Luka Freedom
Pitching: RHP Jake Laviolette
Batting: LHB Kent Niemann 0-0: Ball
1-0: Ball
2-0: Foul Ball, location: 2F
2-1: Called Strike
2-2: Strikes out looking
Pinch Hitting: RHB Amory Friedli 0-0: Ball
1-0: Foul Ball, location: 2F
1-1: Called Strike
1-2: Ball
2-2: Ground out 6-3 (Groundball, 6, EV 86.9 MPH)
Batting: RHB James Victor 0-0: Called Strike
0-1: Ball
1-1: Called Strike
1-2: Ball
2-2: Ball
3-2: Base on Balls
Batting: RHB Bobby Brundage 0-0: Ball
1-0: Swinging Strike
1-1: Called Strike
1-2: Ball
2-2: Foul Ball, location: 2F
2-2: Fielders Choice at 2nd, 6-4 (Groundball, 6, EV 106.9 MPH)
Top of the 9th over - 0 runs, 0 hits, 0 errors, 1 left on base; Seattle 3 - San Diego 1
BOTTOM OF THE 9TH
San Diego Padres batting - Pitching for Seattle Mariners : RHP Joshua Natvig
Pitching: RHP Gunner Dalman
Now at C: Alard Moran
Batting: SHB Dexter Greer 0-0: Swinging Strike
0-1: Called Strike
0-2: Foul Ball, location: 9LDF
0-2: Ball
1-2: Strikes out looking
Batting: SHB Dan Aronson 0-0: Ground out U3 (Groundball, 3, EV 93.1 MPH)
Batting: RHB Tre Murry 0-0: Ball
1-0: Ball
2-0: Called Strike
2-1: Foul Ball, location: 9LDF
2-2: Ball
3-2: Fly out, F9 (Line Drive, 9, EV 90.6 MPH)
Bottom of the 9th over - 0 runs, 0 hits, 0 errors, 0 left on base; Seattle 3 - San Diego 1
Sunday, April 14th , 2024 - OOTP Baseball 24.11 Build 85